 Dungeon Crawl Stone Soup version 0.23.2-30-g0e89c35649 (webtiles) character file.

Game seed: 2096165515386331704

76 Mrkan the Skirmisher (level 4, -7/29 HPs)
             Began as a Gargoyle Fighter on June 24, 2019.
             Killed by divine providence
             ... invoked by an orc priest
              (12 damage)
             ... on level 3 of the Dungeon.
             The game lasted 00:02:39 (1524 turns).

Mrkan the Skirmisher (Gargoyle Fighter)             Turns: 1524, Time: 00:02:41

Health: -7/29      AC: 13    Str: 25    XL:     4   Next: 32%
Magic:  4/4        EV:  6    Int:  8    God:
Gold:   119        SH: 10    Dex: 10    Spells: 3/3 levels left

rFire    . . .     SeeInvis .   a - +0 flail
rCold    . . .     Gourm    .   c - +0 shield
rNeg     + . .     Faith    .   q - +0 chain mail
rPois    ∞         Spirit   .   (no helmet)
rElec    +         Reflect  .   (no cloak)
rCorr    .         Harm     .   j - +0 pair of gloves
MR       .....                  (no boots)
Stlth    ..........             (no amulet)
HPRegen  0.09/turn              (no ring)
MPRegen  0.09/turn              (no ring)

@: mighty
A: negative energy resistance 1, electricity resistance, unbreathing,
petrification resistance, rot immunity, AC +3
a: no special abilities


You were on level 3 of the Dungeon.
You were hungry.

You visited 1 branch of the dungeon, and saw 3 of its levels.

You collected 119 gold pieces.

Inventory:

Hand Weapons
 a - a +0 flail (weapon)
Armour
 c - a +0 shield (worn)
 j - a +0 pair of gloves (worn)
 q - a +0 chain mail (worn)
Jewellery
 o - a +2 ring of dexterity {unknown}
 s - an uncursed ring of positive energy {unknown}
Scrolls
 b - 2 scrolls of magic mapping {unknown}
 e - a scroll of fog {unknown}
 g - a scroll of noise {unknown}
 h - a scroll of blinking {unknown}
 i - a scroll of identify {unknown}
 l - 2 scrolls of remove curse {unknown}
 m - 3 scrolls of teleportation {unknown}
 r - a scroll of fear {unknown}
Potions
 d - a potion of might
 k - a potion of flight {unknown}
 n - a potion of berserk rage {unknown}
 p - 2 potions of curing {unknown}
 t - a potion of invisibility {unknown}
Comestibles
 f - 2 rations


   Skills:
 + Level 3.9 Fighting
 * Level 3.4 Maces & Flails
 - Level 3.2 Armour
 + Level 3.9 Shields


You had 3 spell levels left.
You didn't know any spells.
Your spell library was empty.

Dungeon Overview and Level Annotations

Branches:
Dungeon (3/15)

Altars:
Hepliaklqana


Innate Abilities, Weirdness & Mutations

You are resistant to torment.
Your stone body is resilient. (AC +3)
You are immune to poison.
You resist negative energy. (rN+)
You are resistant to electric shocks. (rElec)
You can survive without breathing.
You are immune to petrification.
You are immune to rotting.


Message History

* * * LOW HITPOINT WARNING * * *
You feel very mighty all of a sudden. You block the orc priest's attack.
You closely miss the orc priest. The orc priest barely misses you.
You closely miss the orc priest.
The orc priest begins to cast a cantrip, but forgets the words!
You sock the orc!
You kill the orc!
You are feeling hungry.
You sock the orc priest!
The orc priest is heavily wounded.
An orc comes into view. It is wielding a +0 hand axe.
You block the orc priest's attack.
You closely miss the orc priest.
The orc priest is heavily wounded.
The orc shouts!
You block the orc priest's attack.
The orc priest mumbles some strange prayers to Beogh against you.
Beogh smites you!
You die...

### ... ... #o#
#?# #o# #o##.#
.# #@##.###.
#.##.#..
#.##.#.#
#.##.#.#
#......#
###..#.#.####.#
#.........._..#
#.##.#.#.######
##.##.....#


You could see an orc priest and 2 orcs.

Vanquished Creatures
  2 adders (D:2)
  3 worms (D:2)
  A dart slug (D:2)
  3 leopard geckos
  An orc (D:3)
  A ball python (D:3)
  6 bats
  3 goblins
  7 hobgoblins
  4 jackals (D:1)
  3 kobolds
  A quokka (D:3)
  4 frilled lizards
  3 rats
42 creatures vanquished.

Notes
Turn   | Place    | Note
-------+----------+-------------------------------------------
     0 | D:1      | Mrkan the Gargoyle Fighter began the quest for the Orb.
     0 | D:1      | Reached XP level 1. HP: 14/14 MP: 1/1
   148 | D:1      | Reached XP level 2. HP: 19/19 MP: 2/2
   930 | D:2      | Reached XP level 3. HP: 23/23 MP: 3/3
  1291 | D:2      | Reached XP level 4. HP: 25/29 MP: 4/4
  1506 | D:3      | Found a hazy altar of Hepliaklqana.
  1524 | D:3      | Killed from afar by an orc priest

Skill      XL: |  1  2  3 |
---------------+----------+-----
Maces & Flails | 3 |  3.4
Fighting       | |  3.9
Armour         | |  3.2
Shields        | |  3.9

Action                   |  1- 3 |  4- 6 || total
-------------------------+-------+-------++-------
Melee: Flail             |   159 |    51 ||   210
  Use: Potion            |       |     1 ||     1
  Eat: Chunk             |     1 |     1 ||     2
Armor: Scale mail        |    66 |       ||    66
       Chain mail        |    47 |    32 ||    79
Dodge: Dodged            |    51 |    18 ||    69
Block: Shield            |    90 |    36 ||   126
